 Dungeon Crawl Stone Soup version 0.30-a0-799-g109b55a442 (webtiles) character file.

Game seed: 12236046226746935850

478 browni3141 the Stinger (level 7, -2/50 HPs)
             Began as a Formicid Wanderer on Feb 21, 2023.
             Slain by Pargi (4 damage)
             ... in a sewer.
             The game lasted 00:09:41 (3118 turns).

browni3141 the Stinger (Formicid Wanderer)          Turns: 3118, Time: 00:09:42

Health: -2/50      AC:  4    Str: 14    XL:     7   Next: 33%
Magic:  13/13      EV: 11    Int: 15    God:
Gold:   189        SH:  0    Dex: 14    Spells: 8/14 levels left

rFire   . . .      SeeInvis +    b - +2 arbalest (drain)
rCold   . . .      Faith    .    (no shield)
rNeg    . . .      Spirit   .    c - +1 leather armour
rPois   .          Reflect  .    (helmet unavailable)
rElec   .          Harm     .    (no cloak)
rCorr   +          Rampage  .    (no gloves)
Will    .....                    (no boots)
Stlth   ++                       (no amulet)
HPRegen 0.28/turn                m - ring of resist corrosion
MPRegen 0.13/turn                (no ring)

@: no status effects
A: permanent stasis, dig shafts and tunnels, antennae 3, four strong arms
a: Dig


You were in a sewer.
You visited 1 branch of the dungeon, and saw 5 of its levels.
You also visited: Sewer.

You collected 189 gold pieces.

Inventory:

Hand Weapons
 a - a +0 club of flaming
 b - a +2 arbalest of draining (weapon)
Armour
 c - a +1 leather armour (worn)
 n - a +0 kite shield
Jewellery
 m - a ring of resist corrosion (left hand)
 q - a ring of protection from cold
Scrolls
 d - a scroll of magic mapping
 k - 2 scrolls of fog
 r - 2 scrolls of enchant weapon
Potions
 f - a potion of curing {unknown}
 g - a potion of cancellation {unknown}
 j - a potion of brilliance {unknown}


   Skills:
 - Level 2.0 Fighting
 - Level 1.0 Dodging
 - Level 3.0 Stealth
 - Level 4.0 Spellcasting
 - Level 2.0 Conjurations
 - Level 4.0 Fire Magic
 * Level 7.1 Poison Magic


You had 8 spell levels left.
You knew the following spells:

 Your Spells              Type           Power      Damage    Failure   Level
a - Foxfire               Conj/Fire      48%        2x1d6     7%          1
b - Poisonous Vapours     Pois/Air       26%        N/A       9%          2
c - Mephitic Cloud        Conj/Pois/Air  12%        N/A       21%         3

Your spell library contained the following spells:

 Spells                   Type           Power      Damage    Failure   Level
 Cigotuvi's Dreadful Rot  Necr/Pois/Air  20%        N/A       13%         2
 Searing Ray              Conj           18%        2d5       16%         2
 Ignite Poison            Fire/Tmut/Pois 14%        N/A       16%         3
 Momentum Strike          Conj/Tloc      12%        3d8       22%         2
 Inner Flame              Hex/Fire       9%         N/A       30%         3


Dungeon Overview and Level Annotations

Branches:
Dungeon (6/15)              Sewer (1/1)
 Temple: D:4-7

Altars:
Sif Muna

Annotations:
D:3 3 runed translucent doors, exclusion: 3 doors, F1ng0rz's ghost, amateur FoBe; NotreDorf's ghost, amateur MfGl; oldplebian's ghost, amateur MiBe Sewer Pargi


Innate Abilities, Weirdness & Mutations

You cannot be hasted, slowed, berserked, paralysed or teleported.
You can dig through walls and to a lower floor.
You have a pair of large antennae on your head. (SInv)
Your four strong arms can wield two-handed weapons with a shield.


Message History

* * * LOW HITPOINT WARNING * * *
Fire: b) +2 arbalest (drain)
Press: ? - help, Q - select action, (/) - cycle Shift-Dir - straight line, f/p - Pargi
Aim: Pargi (lightly wounded, 47% to hit)
You shoot a bolt. The bolt hits Pargi!
You drain Pargi.
Pargi is heavily wounded.
Pargi bites you but does no damage. Pargi claws you but does no damage.
Pargi closely misses you. Pargi barely misses you. Pargi closely misses you.
Pargi claws you but does no damage.
Fire: b) +2 arbalest (drain)
Press: ? - help, Q - select action, (/) - cycle Shift-Dir - straight line, f/p - Pargi
Aim: Pargi (heavily wounded, lightly drained, 47% to hit)
You shoot a bolt. The bolt hits Pargi.
Pargi is severely wounded.
Pargi barely misses you. x2; Pargi closely misses you.
Pargi bites you.
* * * LOW HITPOINT WARNING * * *
Pargi barely misses you. Pargi claws you but does no damage.
Fire: b) +2 arbalest (drain)
Press: ? - help, Q - select action, (/) - cycle Shift-Dir - straight line, f/p - Pargi
Aim: Pargi (heavily wounded, lightly drained, 47% to hit)
You shoot a bolt. The bolt closely misses Pargi.
Pargi misses you. Pargi claws you.
* * * LOW HITPOINT WARNING * * *
Pargi closely misses you. Pargi bites you but does no damage.
Pargi barely misses you. Pargi claws you.
* * * LOW HITPOINT WARNING * * *
Okay, then.
Fire: b) +2 arbalest (drain)
Press: ? - help, Q - select action, (/) - cycle Shift-Dir - straight line, f/p - Pargi
Aim: Pargi (heavily wounded, lightly drained, 47% to hit)
You shoot a bolt. The bolt closely misses Pargi.
Pargi bites you but does no damage. Pargi closely misses you.
Pargi claws you but does no damage. Pargi bites you but does no damage.
Pargi barely misses you. x2
Fire: b) +2 arbalest (drain)
Press: ? - help, Q - select action, (/) - cycle Shift-Dir - straight line, f/p - Pargi
Aim: Pargi (heavily wounded, lightly drained, 47% to hit)
You shoot a bolt. The bolt closely misses Pargi.
Pargi bites you.
You die...

### .... .....
############.....$
∩.........@T.....)
#######.####.....$
#.# ..... #.# ....
#.# ### #.# #.#
##.## ##...##


You could see Pargi (drained).

Vanquished Creatures
  A phantom (D:5)
  3 scorpions (D:5)
  2 orc priests (D:5)
  An orc wizard (D:5)
  A gnoll (D:1)
  5 adders
  A shadow imp (D:6)
  2 ufetubi
  2 worms
  3 dart slugs
  3 orcs
  4 endoplasms
  2 giant cockroaches
  5 goblins
  4 hobgoblins
  4 jackals (D:2)
  4 kobolds
  4 quokkas
  3 ball pythons
  14 bats
  3 frilled lizards (D:2)
  A rat (D:2)
72 creatures vanquished.

Vanquished Creatures (others)
  208 foxfires
  2 withered plants (D:3)
210 creatures vanquished.

Grand Total: 282 creatures vanquished

Notes
Turn   | Place    | Note
-------+----------+-------------------------------------------
     0 | D:1      | browni3141 the Formicid Wanderer began the quest for the
                  | Orb.
     0 | D:1      | browni3141 set off with the following items: a +0 club, a
                  | potion of heal wounds, a +0 leather armour, a potion of
                  | lignification; and the following spell memorised: Foxfire;
                  | and the following spells available to memorise: Searing
                  | Ray, Momentum Strike, Inner Flame, Ignite Poison.
     0 | D:1      | Reached XP level 1. HP: 15/15 MP: 3/3
   100 | D:1      | Reached skill level 1 in Stealth
   252 | D:1      | Reached XP level 2. HP: 11/21 MP: 5/5
   588 | D:1      | Found a faded altar of an unknown god.
   803 | D:1      | Reached XP level 3. HP: 26/26 MP: 0/6
   922 | D:1      | Reached skill level 1 in Poison Magic
  1288 | D:2      | Learned a level 2 spell: Poisonous Vapours
  1292 | D:2      | Learned a level 3 spell: Mephitic Cloud
  1308 | D:2      | Reached skill level 2 in Poison Magic
  1308 | D:2      | Reached XP level 4. HP: 32/32 MP: 0/8
  1816 | D:3      | Found a runed translucent gate.
  1821 | D:3      | Found a runed translucent gate.
  1821 | D:3      | Found a runed translucent gate.
  1822 | D:3      | Noticed F1ng0rz's ghost (amateur FoBe)
  1822 | D:3      | Noticed NotreDorf's ghost (amateur MfGl)
  1822 | D:3      | Noticed oldplebian's ghost (amateur MiBe)
  1822 | D:3      | Noticed oldplebian's ghost (amateur MiBe)
  1882 | D:3      | Reached XP level 5. HP: 38/38 MP: 4/9
  1977 | D:3      | You fall into a shaft and drop 2 floors!
  1977 | D:5      | Entered Level 5 of the Dungeon
  2212 | D:5      | Reached skill level 3 in Poison Magic
  2375 | D:5      | Noticed a phantom
  2404 | D:5      | Reached skill level 4 in Poison Magic
  2404 | D:5      | Reached XP level 6. HP: 44/44 MP: 0/12
  2508 | D:5      | Reached skill level 5 in Poison Magic
  2640 | D:5      | Reached skill level 6 in Poison Magic
  2640 | D:5      | Reached XP level 7. HP: 50/50 MP: 8/13
  2897 | D:6      | Reached skill level 7 in Poison Magic
  2966 | D:6      | Found a shimmering blue altar of Sif Muna.
  2984 | D:6      | Found a glowing drain.
  3001 | Sewer    | Entered a sewer
  3085 | Sewer    | Noticed Pargi
  3105 | Sewer    | Identified a scroll of acquirement
  3105 | Sewer    | Acquired a +2 arbalest of draining
  3116 | Sewer    | HP: 1/50 [Pargi (2)]
  3118 | Sewer    | Slain by Pargi

Illustrated notes

Levels and vault maps discovered:
D:1:      lemuel_arrival_cross, layout_loops_cross, basic_ecumenical_altar,
          dk_noncrumbling_3
D:2:      layout_rooms, minmay_misc_feat_chi, minmay_quantized
D:3:      layout_rooms, mainiacjoe_overflow_brackets, gammafunk_ghost_cemetery,
          bh_walls_and_bars, uniq_ijyb
D:5:      layout_basic, dk_noncrumbling_2
D:6:      wad_river_or_something, layout_gridville,
          mainiacjoe_overflow_alcove_2, serial_shops, shop,
          cheibrodos_sewer_entry_drain
Sewer:    sewer_big_baddie

Skill      XL: |  1  2  3  4  5  6  7 |
---------------+----------------------+-----
Stealth        | 2 3 |  3.0
Conjurations   | 2 |  2.0
Poison Magic   | 2 4 6 7 |  7.1
Spellcasting   | 3 4 |  4.0
Fighting       | 2 |  2.0
Dodging        | |  1.0
Fire Magic     | |  4.0

Action                     |  1- 3 |  4- 6 |  7- 9 || total
---------------------------+-------+-------+-------++-------
  Melee: Club              |    63 |    47 |    22 ||   132
         Punch             |     1 |       |     1 ||     2
         Unarmed           |       |     5 |       ||     5
   Fire: Arbalest          |       |       |    11 ||    11
   Cast: Foxfire           |    43 |    45 |    33 ||   121
         Poisonous Vapours |       |     5 |     6 ||    11
Ability: Shaft Self        |       |     1 |       ||     1
    Use: Potion            |     1 |       |     2 ||     3
         Scroll            |       |     1 |     7 ||     8
   Stab: Sleeping          |     1 |     2 |       ||     3
 Armour: Leather armour    |    23 |    20 |    32 ||    75
         Skin              |     7 |    33 |       ||    40
  Dodge: Dodged            |    54 |    63 |    68 ||   185

Table legend: (Time is in decaauts)
 A = Elapsed time spent in this place.
 B = Non-inter-level travel time spent in this place.
 C = Inter-level travel time spent in this place.
 D = Time resting spent in this place.
 E = Time spent auto-exploring this place.
 F = Levels seen in this place.
 G = Mean time per level.
                   A        B        C        D        E       F      G
               +--------+--------+--------+--------+--------+-----+--------+
         Total |   3166 |   3116 |     50 |    589 |   1660 |   6 |  527.7 |
       Dungeon |   3038 |   2988 |     50 |    589 |   1593 |   5 |  607.6 |
         Sewer |    127 |    127 |      0 |      0 |     67 |   1 |  127.0 |
               +--------+--------+--------+--------+--------+-----+--------+

Top non-repeatable levels by time:
     D:1: 993 daAuts
     D:2: 797 daAuts
     D:5: 778 daAuts
     D:6: 253 daAuts
     D:3: 215 daAuts
   Sewer: 127 daAuts
